 Dungeon Crawl Stone Soup version 0.31-a0-662-g684573625c (webtiles) character file.

Game seed: 3807258688161993858

2538 mopl the Cleaver (level 9, 0/70 (79) HPs)
             Began as a Hill Orc Fighter on Sept 1, 2023.
             Was a Believer of Beogh.
             Killed by divine providence
             ... invoked by Jeremiah
              (16 damage)
             ... on level 7 of the Dungeon.
             The game lasted 00:05:55 (5479 turns).

mopl the Cleaver (Hill Orc Fighter)                 Turns: 5479, Time: 00:05:55

HP:   0/70 (79)     AC: 21    Str: 19    XL:     9   Next: 55%
MP:   13/13         EV:  9    Int:  8    God:    Beogh [**....]
Gold: 354           SH:  0    Dex: 14    Spells: 8/8 levels left

rFire   . . .        a - +2 war axe (freeze)
rCold   . . .        (no shield)
rNeg    . . .        s - +4 chain mail
rPois   +            A - +0 helmet
rElec   .            D - +2 cloak {rCorr}
rCorr   +            q - +0 pair of gloves
SInv    .            p - +0 pair of boots
Will    +....        (no amulet) Stlth
                     B - ring of poison resistance
HPRegen 0.31/turn    C - ring of willpower
MPRegen 0.13/turn

%: no passive effects
@: mighty, heavily drained
A: no striking features
a: Renounce Religion, Smiting


You were on level 7 of the Dungeon.
You worshipped Beogh.
Beogh was pleased with you.
You visited 1 branch of the dungeon, and saw 7 of its levels.

You collected 354 gold pieces.

Inventory:

Hand Weapons
 a - a +2 war axe of freezing (weapon)
 c - a +0 battleaxe
Missiles
 w - 3 poisoned darts (quivered)
Armour
 p - a +0 pair of boots (worn)
 q - a +0 pair of gloves (worn)
 s - a +4 chain mail (worn)
 A - a +0 helmet (worn)
 D - a +2 cloak of preservation (worn)
Jewellery
 i - a ring of positive energy
 u - a ring of see invisible
 B - a ring of poison resistance (left hand)
 C - a ring of willpower (right hand)
Scrolls
 e - 3 scrolls of poison {unknown}
 f - 5 scrolls of teleportation {unknown}
 g - a scroll of amnesia {unknown}
 k - 2 scrolls of fear {unknown}
 l - 4 scrolls of identify {unknown}
 n - a scroll of vulnerability {unknown}
 v - 2 scrolls of acquirement {unknown}
 x - a scroll of enchant armour {unknown}
 y - a scroll of immolation {unknown}
 E - a scroll of torment {unknown}
Potions
 b - a potion of berserk rage {unknown}
 h - 2 potions of heal wounds
 j - 4 potions of brilliance {unknown}
 m - 2 potions of haste {unknown}
 o - 4 potions of enlightenment {unknown}
 r - 2 potions of curing {unknown}
 t - a potion of invisibility {unknown}
 z - a potion of degeneration {unknown}
 F - 2 potions of lignification {unknown}


   Skills:
 + Level 7.0 Fighting
 * Level 9.3 Axes
 + Level 4.0 Throwing
 + Level 6.2 Armour
 + Level 3.8 Dodging
 - Level 3.2 Shields
 + Level 5.5 Invocations


You had 8 spell levels left.
You didn't know any spells.
Your spell library contained the following spells:

 Spells                   Type           Power      Damage    Failure   Level
 Blink                    Tloc           0%         N/A       99%         2
 Lesser Beckoning         Tloc           0%         N/A       99%         2
 Momentum Strike          Conj/Tloc      0%         3d8       99%         2
 Sublimation of Blood     Necr           0%         N/A       99%         2
 Wereblood                Tmut           0%         N/A       99%         2
 Passage of Golubria      Tloc           0%         N/A       100%        4
 Silence                  Hex/Air        0%         N/A       100%        5
 Summon Hydra             Summ           0%         N/A       100%        7
 Lehudib's Crystal Spear  Conj/Erth      0%         10d2      100%        8


Dungeon Overview and Level Annotations

Branches:
Dungeon (7/15)             Temple (0/1) D:6

Altars:
Okawaru
Qazlal

Annotations:
D:7 Jeremiah


Message History

You kill the butterfly!
The butterfly disappears in a burst of colours!
You hit the butterfly. You freeze the butterfly.
You kill the butterfly!
The butterfly disappears in a burst of colours!
Jeremiah hits you but does no damage.
You feel drained.
You slash the butterfly! You freeze the butterfly.
You kill the butterfly!
The butterfly disappears in a burst of colours!
You miss the butterfly. Jeremiah hits you but does no damage.
You feel drained.
You miss the butterfly. You hit the butterfly. You freeze the butterfly.
You kill the butterfly!
The butterfly disappears in a burst of colours!
Jeremiah throws their arms up pleadingly.
Something smites you!
You closely miss the butterfly. You barely miss the butterfly.
You slash the butterfly! You freeze the butterfly.
You kill the butterfly!
The butterfly disappears in a burst of colours!
Jeremiah throws their arms up pleadingly.
Something smites you!
You slash the butterfly! You freeze the butterfly.
You kill the butterfly!
The butterfly disappears in a burst of colours!
You slash the butterfly! You freeze the butterfly.
You kill the butterfly!
The butterfly disappears in a burst of colours!
Jeremiah hits you but does no damage.
You feel drained.
You closely miss the butterfly. You slash the butterfly!
You freeze the butterfly.
You kill the butterfly!
The butterfly disappears in a burst of colours!
Jeremiah shouts, "O dreadful one, destroy my foe!"
Something smites you!
* * * LOW HITPOINT WARNING * * *
Unknown command.
Jeremiah lets out a twisted cry.
Something smites you!
You die...
Jeremiah wails, "I didn't mean to kill anyone!
I'm not a murderer!"

# #.# #.# #.# ## ## # ##.. .#
#..# .# #..# .# #... .## ##..#
..# #...# #.## ###+### ##.#..
#..## #...@.# # ##..### ##..###
#.#+###b#.# ###..##
##...#####.......bF#####...##
###.....#####b#####.....###
#######.#..÷..........#...#
...####.#..###########..#########
♣♣.#.............................
.♣.).#############.##############
.♣.).# #.#


You could see Jeremiah.

Vanquished Creatures
  A wyvern (D:6)
  A water moccasin (D:7)
  An orc warrior (D:7)
  An ice beast (D:6)
  4 black bears
  2 ogres
  2 phantoms (D:4)
  A centaur (D:6)
  Blork the orc (D:5)
  4 scorpions
  3 wights (D:7)
  A howler monkey (D:6)
  An electric eel (D:6)
  A crimson imp (D:6)
  7 hounds
  A jelly (D:5)
  2 gnoll boudas
  3 iguanas
  3 sleepcaps
  3 orc wizards
  8 gnolls
  5 adders
  4 white imps
  An ufetubus (D:5)
  An adder zombie (D:2)
  An adder skeleton (D:2)
  2 dart slugs
  19 orcs
  A bat (D:2)
  A bat zombie (D:2)
  6 endoplasms
  4 giant cockroaches
  8 goblins
  2 hobgoblins
  6 jackals
  4 quokkas
  5 ball pythons
  A ball python zombie (D:2)
  5 frilled lizards
  A jackal skeleton (D:2)
  4 kobolds (D:1)
  A quokka skeleton (D:2)
  8 rats
141 creatures vanquished.

Vanquished Creatures (others)
  A hobgoblin (D:3)
  A frilled lizard (D:3)
2 creatures vanquished.

Grand Total: 143 creatures vanquished

Notes
Turn   | Place    | Note
-------+----------+-------------------------------------------
     0 | D:1      | mopl the Hill Orc Fighter began the quest for the Orb.
     0 | D:1      | Reached XP level 1. HP: 19/19 MP: 1/1
    76 | D:1      | Reached skill level 3 in Axes
   160 | D:1      | Reached XP level 2. HP: 23/27 MP: 2/2
   649 | D:2      | Reached XP level 3. HP: 33/33 MP: 3/3
   714 | D:2      | Reached skill level 4 in Fighting
   865 | D:2      | Reached skill level 4 in Axes
   865 | D:2      | Reached skill level 1 in Dodging
  1091 | D:3      | Reached XP level 4. HP: 40/40 MP: 4/4
  1385 | D:3      | Became a worshipper of Beogh the Brigand
  1398 | D:3      | Found a faded altar of an unknown god.
  1810 | D:4      | Identified the +0 cloak of the Forgotten Princes {Int+7}
  1835 | D:4      | Noticed an ogre
  1843 | D:4      | Killed an ogre
  1844 | D:4      | Reached skill level 5 in Axes
  1844 | D:4      | Reached skill level 4 in Armour
  1844 | D:4      | Reached skill level 1 in Invocations
  1844 | D:4      | Reached XP level 5. HP: 26/47 MP: 5/5
  2169 | D:3      | Reached skill level 1 in Throwing
  2169 | D:3      | Reached XP level 6. HP: 48/53 MP: 7/7
  2357 | D:4      | Reached skill level 2 in Invocations
  2375 | D:4      | Reached skill level 5 in Fighting
  2375 | D:4      | Reached skill level 2 in Dodging
  2375 | D:4      | Reached XP level 7. HP: 54/61 MP: 8/8
  2639 | D:5      | Entered Level 5 of the Dungeon
  2679 | D:5      | Reached skill level 6 in Axes
  2679 | D:5      | Noticed Blork the orc
  2694 | D:5      | Killed Blork the orc
  2736 | D:5      | Reached skill level 2 in Throwing
  2831 | D:5      | Reached skill level 3 in Invocations
  3047 | D:5      | Found an iron altar of Okawaru.
  3249 | D:5      | Reached skill level 5 in Armour
  3249 | D:5      | Reached XP level 8. HP: 69/69 MP: 10/10
  3272 | D:5      | Reached * piety under Beogh
  3273 | D:5      | Reached skill level 7 in Axes
  3558 | D:6      | Reached skill level 4 in Invocations
  3745 | D:6      | Found a staircase to the Ecumenical Temple.
  3801 | D:6      | Reached skill level 6 in Fighting
  3854 | D:6      | Reached skill level 3 in Throwing
  3854 | D:6      | Reached skill level 3 in Dodging
  4008 | D:6      | Reached skill level 8 in Axes
  4680 | D:7      | Noticed a wyvern
  4698 | D:6      | Killed a wyvern
  4698 | D:6      | Reached ** piety under Beogh
  4699 | D:6      | Reached XP level 9. HP: 48/78 MP: 12/12
  4952 | D:7      | Reached skill level 5 in Invocations
  5038 | D:7      | Reached skill level 6 in Armour
  5073 | D:7      | Found a stormy altar of Qazlal.
  5160 | D:7      | Reached skill level 9 in Axes
  5467 | D:7      | Reached skill level 4 in Throwing
  5468 | D:7      | Noticed Jeremiah
  5471 | D:7      | Reached skill level 7 in Fighting
  5479 | D:7      | Killed from afar by Jeremiah

Illustrated notes

Levels and vault maps discovered:
D:1:      dpeg_arrival_water_temple_mockup, layout_loops_ring, minivault_26
D:2:      layout_rooms, serial_undead, serial_undead_f, serial_undead_b,
          serial_undead_a, serial_undead_d, minmay_box_of_dots
D:3:      layout_loops_ring, shapermc_ecumenical_altar_acropolis
D:4:      layout_loops_ring
D:5:      layout_basic, okawaru_trees_2, uniq_blork_the_orc
D:6:      layout_basic, minmay_temple_entry_statues, nrook_pool_corridor,
          minmay_fire_ice_demons
D:7:      minmay_the_grid_plus_closed [minmay_the_grid_tiny_cups,
          minmay_the_grid_doors, minmay_the_grid_eight,
          minmay_the_grid_minigrid_large, minmay_the_grid_prize_inner_circle],
          layout_basic, mainiacjoe_overflow_alcove_4, uniq_jeremiah

Skill      XL: |  1  2  3  4  5  6  7  8  9 |
---------------+----------------------------+-----
Axes           | 3 4 5 6 8 9 |  9.3
Fighting       | 4 5 6 7 |  7.0
Dodging        | 1 2 3 |  3.8
Armour         | 4 5 6 |  6.2
Invocations    | 1 2 3 4 5 |  5.5
Throwing       | 1 2 3 4 |  4.0
Shields        | |  3.2

Action                     |  1- 3 |  4- 6 |  7- 9 || total
---------------------------+-------+-------+-------++-------
  Melee: War axe           |    78 |   113 |   314 ||   505
         Battleaxe         |       |       |    10 ||    10
  Throw: Dart              |       |     2 |     3 ||     5
 Invoke: Convert to Beogh  |       |     1 |       ||     1
    Use: Potion            |     1 |       |     1 ||     2
 Armour: Scale mail        |    50 |    32 |       ||    82
         Chain mail        |       |    69 |   345 ||   414
  Dodge: Dodged            |    32 |    47 |   132 ||   211
  Block: Buckler           |    12 |    24 |    74 ||   110

Table legend: (Time is in decaauts)
 A = Elapsed time spent in this place.
 B = Non-inter-level travel time spent in this place.
 C = Inter-level travel time spent in this place.
 D = Time resting spent in this place.
 E = Time spent auto-exploring this place.
 F = Levels seen in this place.
 G = Mean time per level.
                   A        B        C        D        E       F      G
               +--------+--------+--------+--------+--------+-----+--------+
         Total |   5592 |   5452 |    140 |    921 |   3298 |   7 |  798.9 |
       Dungeon |   5592 |   5452 |    140 |    921 |   3298 |   7 |  798.9 |
               +--------+--------+--------+--------+--------+-----+--------+

Top non-repeatable levels by time:
     D:6: 1438 daAuts
     D:5: 864 daAuts
     D:3: 836 daAuts
     D:4: 795 daAuts
     D:1: 660 daAuts
     D:7: 584 daAuts
     D:2: 413 daAuts
